 Dungeon Crawl Stone Soup version 0.29.1-14-g9c671dbff4 (webtiles) character file.

Game seed: 7052929576056222175

140845 cdecastro the Executioner (level 17, -2/170 HPs)
             Began as a Hill Orc Fighter on Feb 16, 2023.
             Was the Champion of Trog.
             Killed from afar by a shock serpent (25 damage)
             ... with a bolt of electricity
             ... on level 3 of the Snake Pit.
             The game lasted 01:28:20 (37672 turns).

cdecastro the Executioner (Hill Orc Fighter)       Turns: 37672, Time: 01:28:21

Health: -2/170     AC: 29    Str: 27      XL:     17   Next: 31%
Magic:  17/17      EV: 28    Int:  6 (8)  God:    Trog [******]
Gold:   3283       SH:  0    Dex: 12      Spells: 16/16 levels left

rFire   . . .      SeeInvis .   a - +7 battleaxe of the Old World {vorpal, Str+2}
rCold   . . .      Faith    .   (shield currently unavailable)
rNeg    . . .      Spirit   .   P - +0 swamp dragon scales
rPois   +          Reflect  .   s - +2 helmet
rElec   .          Harm     .   H - +1 cloak of Love and Death {Regen+}
rCorr   .          Rampage  .   v - +0 pair of gloves
Will    +....                   D - +0 pair of boots
Stlth   +.........              j - amulet of the acrobat
HPRegen 1.18/turn               m - +4 ring of protection
MPRegen 0.15/turn               K - +4 ring of protection

@: acrobatic
A: no striking features
a: Renounce Religion, Berserk, Trog's Hand, Brothers in Arms


You were on level 3 of the Snake Pit.
You worshipped Trog.
Trog was exalted by your worship.
You visited 5 branches of the dungeon, and saw 26 of its levels.
You also visited: Bailey.

You collected 3469 gold pieces.
You spent 186 gold pieces at shops.

Inventory:

Hand Weapons
 a - the +7 battleaxe of the Old World (weapon) {vorpal, Str+2}
   (You acquired it on level 15 of the Dungeon)

   It inflicts extra damage upon your enemies.
   Str:       It affects your strength (+2).
 b - a +7 broad axe of flaming
 w - a +0 battleaxe of flaming
 N - a +2 longbow of flaming
 O - a +2 antimagic executioner's axe
Missiles
 x - 6 curare-tipped darts
 z - 4 poisoned darts
 E - 13 javelins (quivered)
 G - 14 boomerangs
Armour
 s - a +2 helmet (worn)
 v - a +0 pair of gloves (worn)
 D - a +0 pair of boots (worn)
 H - the +1 cloak of Love and Death (worn) {Regen+}
   (You found it on level 5 of the Lair of Beasts)

   Regen:     It increases your rate of health regeneration.
 P - +0 swamp dragon scales (worn)
Jewellery
 j - an amulet of the acrobat (around neck)
 m - a +4 ring of protection (left hand)
 q - a ring of positive energy
 r - a ring of flight
 t - a ring of protection from fire
 C - a ring of ice
 K - a +4 ring of protection (right hand)
Wands
 c - a wand of light (20)
 d - a wand of roots (6)
 y - a wand of mindburst (11)
 V - a wand of flame (39)
 X - a wand of digging (5)
 Z - a wand of paralysis (12)
Scrolls
 g - 6 scrolls of immolation
 l - a scroll of blinking
 p - 8 scrolls of teleportation
 J - 3 scrolls of magic mapping
 Q - 3 scrolls of summoning
 R - 3 scrolls of fear
 T - 6 scrolls of poison
 U - 4 scrolls of fog
 W - 3 scrolls of torment
 Y - a scroll of silence
Potions
 f - 5 potions of attraction
 i - 10 potions of curing
 k - 4 potions of might
 n - 13 potions of heal wounds
 o - 4 potions of flight
 u - 2 potions of invisibility
 B - a potion of ambrosia
 F - a potion of mutation
 I - 2 potions of lignification
 L - a potion of haste
 M - a potion of cancellation
Miscellaneous
 e - a phantom mirror
 h - a condenser vane (inert)
 A - a tin of tremorstones (2/2)
 S - a lightning rod (4/4)


   Skills:
 - Level 20.0 Fighting
 - Level 22.0 Axes
 - Level 15.0 Armour
 - Level 5.0 Dodging
 - Level 3.2 Shields
 + Level 13.1 Evocations


You had 16 spell levels left.
You didn't know any spells.
Your spell library contained the following spells:

 Spells                   Type           Power      Damage    Failure   Level
 Foxfire                  Conj/Fire      0%         2x1d4     54%         1
 Sandblast                Erth           0%         2d4       54%         1
 Slow                     Hex            0%         N/A       54%         1
 Blink                    Tloc           0%         N/A       69%         2
 Ensorcelled Hibernation  Hex/Ice        0%         N/A       69%         2
 Passwall                 Tmut/Erth      0%         N/A       69%         2
 Confusing Touch          Hex            0%         N/A       89%         3
 Conjure Flame            Conj/Fire      0%         6-21      89%         3
 Dazzling Flash           Conj/Hex       0%         N/A       89%         3
 Gell's Gravitas          Tloc           0%         N/A       89%         3
 Ignite Poison            Fire/Tmut/Pois 0%         N/A       89%         3
 Inner Flame              Hex/Fire       0%         N/A       89%         3
 Lesser Beckoning         Tloc           0%         N/A       89%         3
 Mephitic Cloud           Conj/Pois/Air  0%         N/A       89%         3
 Stone Arrow              Conj/Erth      0%         3d7       89%         3
 Swiftness                Air            0%         N/A       89%         3
 Teleport Other           Tloc           0%         N/A       89%         3
 Vampiric Draining        Necr           0%         2d6       89%         3
 Corpse Rot               Necr/Pois/Air  0%         N/A       100%        4
 Dispel Undead            Necr           0%         3d6       100%        4
 Flame Wave               Conj/Fire      0%         2d4       100%        4
 Fulminant Prism          Conj/Hex       0%         3d6       100%        4
 Iskenderun's Mystic Bla  Conj/Tloc      0%         2d3       100%        4
 Freezing Cloud           Conj/Ice/Air   0%         6-21      100%        5
 Iskenderun's Battlesphe  Conj           0%         2d6       100%        5
 Lee's Rapid Deconstruct  Erth           0%         3d5*      100%        5
 Manifold Assault         Tloc           0%         N/A       100%        5
 Summon Forest            Summ/Tloc      0%         N/A       100%        5
 Death Channel            Necr           0%         N/A       100%        6
 Dispersal                Tloc           0%         N/A       100%        6
 Eringya's Noxious Bog    Tmut/Pois      0%         N/A       100%        6
 Iron Shot                Conj/Erth      0%         9d1       100%        6
 Starburst                Conj/Fire      0%         6d3       100%        6
 Spellforged Servitor     Conj/Summ      0%         N/A       100%        7
 Storm Form               Tmut/Air       0%         N/A       100%        7
 Summon Hydra             Summ           0%         N/A       100%        7


Dungeon Overview and Level Annotations

Branches:
Dungeon (15/15)            Temple (1/1) D:6            Lair (5/5) D:9
 Shoals (0/4) Lair:3        Snake (3/4) Lair:2        Slime (0/5) Lair:4
    Orc (2/2) D:12            Elf (0/3) Orc:2        Vaults (0/5) D:13
 Depths (0/4) D:15         Bailey (visited)

Altars:
Ashenzari
Cheibriados
Dithmenos
Elyvilon
Fedhas
Gozag
Hepliaklqana
Kikubaaqudgha
Makhleb
Nemelex Xobeh
Okawaru
Qazlal
Ru
Sif Muna
Trog
Uskayaw
Vehumet
Wu Jian
Xom
Yredelemnul
Zin
The Shining One
Beogh
Jiyva

Shops:
D:8 *   Orc:1 *   Orc:2 (:[*(   Snake:1 :

Portals:
Bazaar: Snake:3

Annotations:
D:14 18 headed hydra because I'm a dumb dumb


Message History

The shock serpent bites you.
* * * LOW HITPOINT WARNING * * *
The shock serpent shocks you!
* * * LOW HITPOINT WARNING * * *
The shock serpent shoots out a bolt of lightning at you!
The bolt of electricity hits the shock serpent.
The shock serpent completely resists.
The bolt of electricity hits the shock serpent.
The shock serpent completely resists.
The bolt of electricity hits you!
* * * LOW HITPOINT WARNING * * *
The bolt of electricity hits you!
* * * LOW HITPOINT WARNING * * *
Press: ? - help, v - describe, . - travel, g - get item
Here: a shock serpent (heavily wounded)
Items here: a shock serpent corpse; a sea snake corpse.
The floor, spattered with blood.
Okay, then.
Unknown command.
Okay, then.
Okay, then.
Unknown command.
As you read the scroll of summoning, it crumbles to dust.
Wisps of shadow whirl around you... The shock serpent misses you.
The shock serpent shoots out a bolt of lightning at you!
The bolt of electricity hits the shock serpent.
The shock serpent completely resists.
The bolt of electricity hits the shock serpent.
The shock serpent completely resists.
The bolt of electricity hits you.
* * * LOW HITPOINT WARNING * * *
The bolt of electricity hits your naga!!
Your naga dies!
Your naga's corpse dissolves into shadows!
The bolt of electricity hits you!
* * * LOW HITPOINT WARNING * * *
The shock serpent hisses angrily.
The shock serpent shoots out a bolt of lightning at you!
The bolt of electricity misses the shock serpent.
The bolt of electricity hits the shock serpent.
The shock serpent completely resists.
The bolt of electricity hits you!!
You die...

#≈≈.. #≈~S.. ###≈§§~..
#...S..# #S....S# #S#
#†# #. #S### #..
#.@N## #.#
###N.#######..##. .
##...N..........# .
##...N......#.... .
#............###...#
#.......=.....##....
#........###....#....
#.........#∩..........
..........###.........


You could see 3 shock serpents, a friendly naga warrior (summoned) and 3
friendly nagas.

Vanquished Creatures
  Saint Roka (Orc:2)
  Nikola (Snake:1)
  Kirke (D:13)
  Aizul (Snake:1)
  An ironbound preserver (D:13)
  The ghost of LustLizard the Swashbuckler, a journeyman KoBr of Ru (Lair:1)
  Nessos (Lair:3)
  Azrael (Snake:1)
  The ghost of Airmonger the Destroyer, a journeyman GnCj of Vehumet (Lair:2)
  4 fire dragons
  11 hydras
  6 boulder beetles
  Fannar (Lair:1)
  2 catoblepae
  9 anacondas
  An ice dragon (D:15)
  7 two-headed ogres
  5 centaur warriors (D:13)
  7 naga warriors
  3 death yaks (D:9)
  An orc high priest (Orc:2)
  Urug (Lair:3)
  A shock serpent (Snake:3)
  3 naga sharpshooters
  Nergalle (Orc:1)
  A salamander mystic (Snake:3)
  4 skeletal warriors (D:14)
  A sea snake (Snake:3)
  A swamp dragon (Lair:5)
  6 naga ritualists
  An orange crystal statue (Snake:3)
  5 orc knights
  17 mana vipers
  A deep elf pyromancer (D:13)
  5 lindwurms
  7 orc sorcerers
  3 oklob plants
  3 cyclopes
  2 manticores
  4 ugly things (D:15)
  6 salamanders
  10 naga magi
  3 elephants (Lair:5)
  Joseph (D:9)
  33 black mambas
  6 torpor snails
  13 cane toads
  An efreet (D:14)
  A yaktaur (D:15)
  4 komodo dragons
  2 unseen horrors (D:11)
  20 rime drakes
  The ghost of javelincjr the Magician, a novice DECj (D:5)
  A meliai (D:13)
  10 polar bears
  10 hornets
  10 trolls
  4 tyrant leeches (Lair:5)
  Prince Ribbit (Lair:1)
  Grinder (D:3)
  17 blink frogs
  A spectral dream sheep (Lair:1)
  7 dream sheep
  A centaur simulacrum (D:13)
  4 shadows
  18 yaks
  12 spriggans (Lair:3)
  2 fire elementals (Snake:2)
  2 wyverns
  5 basilisks
  4 hogs (D:13)
  4 wraiths
  11 steam dragons
  11 vampire mosquitoes
  6 acid dragons (Lair:5)
  A death yak simulacrum (Lair:1)
  26 nagas
  3 wargs
  A spectral cane toad (Lair:1)
  2 hell hounds (Snake:2)
  7 water moccasins
  29 orc warriors
  4 ice beasts
  5 black bears
  4 ogres (Orc:1)
  13 wolves
  3 boggarts (Lair:3)
  8 centaurs
  A black mamba simulacrum (Lair:1)
  2 kobold brigands
  5 phantoms
  13 bullfrogs
  A gnoll sergeant (D:11)
  9 necrophages
  5 scorpions
  8 wights
  2 cane toad simulacra (Lair:1)
  A hornet simulacrum (D:15)
  A troll zombie (D:12)
  10 killer bees
  2 howler monkeys
  2 electric eels
  A komodo dragon simulacrum (Lair:1)
  15 orc priests
  4 hounds
  5 jellies
  6 iguanas
  8 hell rats
  28 orc wizards
  5 ogre zombies (D:12)
  Robin (D:3)
  6 adders
  A shadow imp (D:5)
  3 white imps
  2 ufetubi
  2 worms
  5 dart slugs
  81 orcs
  7 endoplasms
  3 giant cockroaches
  12 goblins
  8 hobgoblins
  3 jackals (D:2)
  20 kobolds
  9 quokkas
  6 ball pythons
  5 bats
  2 frilled lizards
  A goblin skeleton (D:12)
  A goblin zombie (D:12)
  A hobgoblin zombie (D:12)
  3 orc skeletons (D:12)
  13 orc zombies (D:12)
  6 rats
  A bush (Lair:4)
  A fungus (D:6)
819 creatures vanquished.

Vanquished Creatures (collateral kills)
  A centaur (D:11)
1 creature vanquished.

Vanquished Creatures (others)
  A blink frog (Lair:2)
  13 fungi
  58 plants
72 creatures vanquished.

Grand Total: 892 creatures vanquished

Notes
Turn   | Place    | Note
-------+----------+-------------------------------------------
     0 | D:1      | cdecastro the Hill Orc Fighter began the quest for the Orb.
     0 | D:1      | Reached XP level 1. HP: 19/19 MP: 1/1
   122 | D:1      | Reached skill level 3 in Axes
   420 | D:1      | Reached XP level 2. HP: 26/26 MP: 2/2
   544 | D:1      | Reached skill level 4 in Axes
   948 | D:2      | Reached XP level 3. HP: 29/31 MP: 3/3
  1040 | D:2      | Reached skill level 5 in Axes
  1221 | D:2      | Reached XP level 4. HP: 27/39 MP: 4/4
  1607 | D:2      | Reached skill level 6 in Axes
  1756 | D:3      | Found a bloodstained altar of Trog.
  2292 | D:3      | Found a glowing golden altar of the Shining One.
  2292 | D:3      | Noticed Robin
  2320 | D:3      | Reached XP level 5. HP: 45/45 MP: 5/5
  2334 | D:3      | Killed Robin
  2457 | D:3      | Found an ornate altar of the Wu Jian Council.
  2596 | D:3      | Found a snail-covered altar of Cheibriados.
  2600 | D:3      | Noticed Grinder
  2610 | D:3      | Paralysed by Grinder for 2 turns
  2616 | D:3      | Killed Grinder
  2617 | D:3      | Reached skill level 8 in Axes
  2617 | D:3      | Reached XP level 6. HP: 24/51 MP: 6/6
  2983 | D:3      | Became a worshipper of Trog the Wrathful
  3097 | D:4      | Found a shimmering altar of Xom.
  3241 | D:4      | Reached skill level 9 in Axes
  3294 | D:4      | Found a white marble altar of Elyvilon.
  3680 | D:5      | Entered Level 5 of the Dungeon
  3758 | D:5      | Found a broken altar of Ashenzari.
  3760 | D:5      | Found a sacrificial altar of Ru.
  3762 | D:5      | Found a radiant altar of Vehumet.
  3775 | D:5      | Noticed a black bear
  3907 | D:5      | Reached XP level 7. HP: 57/57 MP: 7/7
  3928 | D:5      | Found a runed translucent gate.
  3929 | D:5      | Found a runed translucent gate.
  3929 | D:5      | Noticed javelincjr's ghost (novice DECj)
  3930 | D:5      | Found a runed translucent gate.
  4108 | D:5      | Found a hazy altar of Hepliaklqana.
  4158 | D:5      | Reached skill level 10 in Axes
  4252 | D:5      | Reached skill level 5 in Fighting
  4328 | D:5      | Noticed a wraith
  4580 | D:6      | Reached * piety under Trog
  4581 | D:6      | Reached XP level 8. HP: 64/71 MP: 8/8
  4900 | D:6      | Found a staircase to the Ecumenical Temple.
  4922 | Temple   | Entered the Ecumenical Temple
  5094 | D:6      | Found an ancient bone altar of Kikubaaqudgha.
  5363 | D:5      | Killed a wraith
  5364 | D:5      | Reached skill level 10 in Fighting
  5451 | D:5      | Reached XP level 9. HP: 81/85 MP: 9/9
  5458 | D:5      | Reached skill level 11 in Axes
  5939 | D:6      | Found a hide-covered altar of Uskayaw.
  5977 | D:6      | Found a blossoming altar of Fedhas.
  5999 | D:6      | Noticed an oklob plant
  6287 | D:7      | Reached skill level 12 in Axes
  6519 | D:7      | Found a flagged portal.
  6531 | D:7      | Found an opulent altar of Gozag.
  6531 | D:7      | Found a sparkling altar of Nemelex Xobeh.
  6554 | Bailey   | Entered a bailey
  6760 | Bailey   | Reached skill level 13 in Axes
  7316 | Bailey   | Reached skill level 14 in Axes
  7317 | Bailey   | Reached ** piety under Trog
  7851 | D:8      | Found a basalt altar of Yredelemnul.
  7918 | D:8      | Found a shimmering blue altar of Sif Muna.
  7962 | D:8      | Reached XP level 10. HP: 91/93 MP: 10/10
  8081 | D:8      | Reached skill level 15 in Axes
  8301 | D:8      | Found a shadowy altar of Dithmenos.
  8472 | D:8      | Found Zin's Purification Station.
  8472 | D:8      | Found a glowing silver altar of Zin.
  8505 | D:8      | Noticed a four-headed hydra
  8517 | D:8      | Killed a four-headed hydra
  8518 | D:8      | Reached skill level 16 in Axes
  8788 | D:9      | Reached skill level 5 in Armour
  8844 | D:9      | Found a stormy altar of Qazlal.
  8847 | D:9      | Noticed a two-headed ogre
  8871 | D:9      | Killed a two-headed ogre
  9024 | D:9      | Found a burning altar of Makhleb.
  9026 | D:9      | Found an iron altar of Okawaru.
  9080 | D:9      | Noticed Joseph
  9111 | D:9      | Killed Joseph
  9217 | D:9      | Noticed a death yak
  9218 | D:9      | Found a staircase to the Lair.
  9221 | D:9      | Noticed a death yak
  9257 | D:9      | Killed a death yak
  9258 | D:9      | Reached XP level 11. HP: 99/99 MP: 11/11
  9379 | D:9      | Noticed a death yak
  9399 | D:9      | Reached *** piety under Trog
  9540 | D:9      | Noticed a two-headed ogre
  9556 | D:9      | Killed a two-headed ogre
  9557 | D:9      | Reached skill level 10 in Armour
  9981 | D:9      | Killed a death yak
  9987 | D:9      | Killed a death yak
 10027 | D:10     | Entered Level 10 of the Dungeon
 10178 | D:10     | Reached skill level 17 in Axes
 10849 | D:10     | Noticed a manticore
 10863 | D:10     | Killed a manticore
 11488 | D:11     | Noticed a seven-headed hydra
 11495 | D:11     | Killed a seven-headed hydra
 11584 | D:11     | Noticed a two-headed ogre
 11599 | D:11     | Reached skill level 18 in Axes
 11623 | D:11     | Killed a two-headed ogre
 11642 | D:11     | Noticed a seven-headed hydra
 11642 | D:11     | Noticed a boulder beetle
 11642 | D:11     | Noticed a five-headed hydra
 12077 | D:11     | Reached skill level 19 in Axes
 12081 | D:11     | Reached XP level 12. HP: 39/106 MP: 12/12
 12503 | D:11     | Killed a seven-headed hydra
 12763 | D:11     | Killed a boulder beetle
 12870 | D:11     | Noticed a boulder beetle
 12895 | D:11     | Killed a boulder beetle
 12896 | D:11     | Reached skill level 20 in Axes
 12896 | D:11     | Reached skill level 1 in Evocations
 12917 | D:11     | Killed a five-headed hydra
 13111 | D:11     | Noticed a six-headed hydra
 13131 | D:11     | Killed a six-headed hydra
 13441 | D:11     | Reached **** piety under Trog
 13452 | D:11     | Reached skill level 5 in Evocations
 14022 | D:12     | Found a staircase to the Orcish Mines.
 14699 | D:12     | Noticed a two-headed ogre
 14721 | D:12     | Killed a two-headed ogre
 15294 | D:12     | Noticed a two-headed ogre
 15329 | D:12     | Killed a two-headed ogre
 15399 | D:13     | Noticed an eight-headed hydra
 15423 | D:13     | Killed an eight-headed hydra
 15576 | D:13     | Noticed a centaur warrior
 15589 | D:13     | Killed a centaur warrior
 15752 | D:13     | Noticed a two-headed ogre
 15753 | D:13     | Noticed a boulder beetle
 15758 | D:13     | Killed a two-headed ogre
 15759 | D:13     | Reached XP level 13. HP: 97/122 MP: 13/13
 16653 | D:13     | Found a gate to the Vaults.
 16653 | D:13     | Noticed an ironbound preserver
 16668 | D:13     | Killed an ironbound preserver
 16669 | D:13     | Reached skill level 15 in Fighting
 16798 | D:13     | Noticed Kirke
 17873 | D:13     | Noticed a sphinx
 17883 | D:13     | Killed Kirke
 18125 | D:15     | Entered Level 15 of the Dungeon
 19579 | D:15     | Reached XP level 14. HP: 121/135 MP: 14/14
 20097 | D:15     | Found a staircase to the Depths.
 20174 | D:15     | Identified 2 scrolls of acquirement
 20174 | D:15     | Acquired the +7 battleaxe of the Old World {vorpal, Str+2}
 20510 | D:14     | Paralysed by a hornet for 1 turns
 21144 | D:5      | Killed javelincjr's ghost
 21540 | Orc:1    | Entered Level 1 of the Orcish Mines
 21650 | Orc:1    | Reached skill level 15 in Armour
 21764 | Orc:1    | Found Liopre's General Store.
 21790 | Orc:1    | Bought a scroll of enchant weapon for 82 gold pieces
 21790 | Orc:1    | Bought a scroll of enchant armour for 82 gold pieces
 21790 | Orc:1    | Bought a scroll of identify for 22 gold pieces
 21965 | Orc:2    | Entered Level 2 of the Orcish Mines
 21974 | Orc:2    | Found a staircase to the Elven Halls.
 21995 | Orc:1    | Noticed Nergalle
 22009 | Orc:1    | Killed Nergalle
 22313 | Orc:2    | Paralysed by an orc sorcerer for 5 turns
 22596 | Orc:2    | Noticed Saint Roka
 22607 | Orc:2    | Paralysed by an orc sorcerer for 3 turns
 23426 | Orc:2    | Killed Saint Roka
 23765 | Orc:2    | Found Wiekhilo's Weapon Emporium.
 24163 | Orc:2    | Found a roughly hewn altar of Beogh.
 24486 | Orc:2    | Found Hyurom's General Store.
 24570 | Orc:2    | Found Ypefoips's Antique Armour Boutique.
 24625 | Orc:2    | Reached ***** piety under Trog
 24762 | Orc:2    | Found Aguz's Antique Weapon Boutique.
 24777 | Orc:2    | Found Caxzy's Book Boutique.
 24934 | Lair:1   | Entered Level 1 of the Lair of Beasts
 25312 | Lair:1   | Noticed Fannar
 25334 | Lair:1   | Found a runed translucent gate.
 25334 | Lair:1   | Found a runed translucent gate.
 25334 | Lair:1   | Found a runed translucent gate.
 25645 | Lair:1   | Killed Fannar
 25687 | Lair:1   | Noticed LustLizard's ghost (journeyman KoBr)
 25722 | Lair:1   | Noticed Prince Ribbit
 25727 | Lair:1   | Reached skill level 10 in Evocations
 25729 | Lair:1   | Killed Prince Ribbit
 26192 | Lair:2   | Found a transporter.
 26204 | Lair:2   | Noticed Airmonger's ghost (journeyman GnCj)
 26218 | Lair:2   | Found an ornate altar of the Wu Jian Council.
 26260 | Lair:2   | Found a transporter.
 26294 | Lair:2   | Found a staircase to the Snake Pit.
 26376 | Lair:2   | Reached XP level 15. HP: 134/141 MP: 15/15
 26919 | Lair:3   | Noticed Nessos
 27083 | Lair:3   | Killed Nessos
 27265 | Lair:3   | Found a staircase to the Shoals.
 27291 | Lair:3   | Noticed Urug
 27304 | Lair:3   | Killed Urug
 27462 | Lair:3   | Received a gift from Trog
 28955 | Lair:4   | Found a viscous altar of Jiyva.
 28956 | Lair:4   | Found a staircase to the Slime Pits.
 29191 | Lair:4   | Found a sacrificial altar of Ru.
 30585 | Lair:5   | Entered Level 5 of the Lair of Beasts
 30850 | Lair:5   | Received a gift from Trog
 31981 | Lair:5   | Found a runed translucent door.
 32236 | Lair:5   | Reached XP level 16. HP: 162/162 MP: 16/16
 32351 | Lair:5   | Reached skill level 1 in Dodging
 32352 | Lair:5   | Identified the +1 cloak of Love and Death {Regen+}
 32712 | Lair:5   | Received a gift from Trog
 33025 | Lair:5   | Identified the +10 spear of the Reaper {venom, Will+ MP+9
                  | Str+3}
 33844 | Lair:1   | Killed LustLizard's ghost
 33948 | Lair:2   | Killed Airmonger's ghost
 34007 | Snake:1  | Entered Level 1 of the Snake Pit
 34286 | Snake:1  | Noticed Aizul
 34306 | Snake:1  | Killed Aizul
 34424 | Snake:1  | Reached skill level 5 in Dodging
 34606 | Snake:1  | Found Poylen's Book Shop.
 34785 | Snake:1  | Noticed Nikola
 34810 | Snake:1  | Killed Nikola
 35073 | Snake:1  | Identified the +3 sling "Huerr" {speed, rF++ Str+3 Dex-3}
 35139 | Snake:1  | Reached skill level 21 in Axes
 35624 | Snake:2  | Found a radiant altar of Vehumet.
 35703 | Snake:2  | Noticed Azrael
 35762 | Snake:1  | Killed Azrael
 35960 | Snake:2  | Reached ****** piety under Trog
 35961 | Snake:2  | Reached skill level 22 in Axes
 36055 | Snake:2  | Received a gift from Trog
 36793 | D:14     | You fall into a shaft and drop 1 floor!
 37117 | Snake:3  | Reached XP level 17. HP: 159/170 MP: 17/17
 37500 | Snake:3  | Received a gift from Trog
 37626 | Snake:3  | Found a gateway to a bazaar.
 37672 | Snake:3  | Killed from afar by a shock serpent

Illustrated notes

Levels and vault maps discovered:
D:1:      lemuel_arrival_muddy, layout_basic, minmay_pentomino_s4
D:2:      layout_rooms
D:3:      layout_loops_cross, pdpol_wu_jian_five_deadly_venoms,
          amcnicky_altar_gilded, tso_altar, nicolae_overflow_crystal_walls,
          grunt_decor_mini_mirrors, uniq_grinder, uniq_robin
D:4:      layout_cave_pools, mainiacjoe_overflow_24_doors,
          mainiacjoe_overflow_boulevard
D:5:      minmay_clustersquares, layout_basic, lemuel_doored_altar,
          grunt_temple_overflow_open, gammafunk_ghost_nasty_kobolds
D:6:      layout_gridville, nicolae_uskayaw_suspiria, lemuel_crystal_altar,
          tgw_fedhas, minmay_temple_entry_grid, nrook_campfire
D:7:      layout_cave_pools, grunt_temple_overflow_opulence, enter_bailey_2,
          hangedman_abyss_or_decor_passed
D:8:      layout_loops_cross, mainiacjoe_overflow_paths,
          grunt_dithmenos_shadows, zin_purify, mainiacjoe_overflow_brackets
D:9:      layout_cave_pools, nicolae_qazlal_scattered_showers,
          mainiacjoe_overflow_catch_the_wave, dpeg_lair_monsters, uniq_joseph
D:10:     layout_loops_ring
D:11:     layout_irregular_city, chequers_arboretum, minmay_crystal_room,
          minmay_alternating_orb
D:12:     layout_irregular_city, zombieorc1_lemuel
D:13:     layout_gridville, skrybe_vaults_entry_preservation,
          kennysheep_cross_bottleneck, uniq_kirke
D:14:     hellmonk_paralyzer, layout_basic
D:15:     grunt_enter_depths_hoard, layout_irregular_city
Temple:   ebering_the_none_and_only
Lair:1:   layout_regular_city, gammafunk_ghost_necromancy, lemuel_fruit_tree,
          uniq_prince_ribbit2, uniq_fannar
Lair:2:   layout_chaotic_city, guppyfry_snake_entry_garden,
          gammafunk_ghost_arena, basic_altar
Lair:3:   kb_forest_paths, layout_chaotic_city, roderic_carrion_pond,
          uniq_nessos, uniq_urug
Lair:4:   layout_small_grid, nicolae_slime_entry_slimehenge, basic_altar,
          st_stairs_7, minmay_lair_oklob_bushes, minmay_lindwurm_lava,
          lemuel_fruit_fields
Lair:5:   guppyfry_lair_end_dragon, layout_regular_city, wormcave,
          bobbens_dragon_lair_wall, grunt_megastairs_2,
          infiniplex_staircase_pool
Snake:1:  layout_chambers, serial_shops, nicolae_take_the_stairs, uniq_aizul,
          uniq_nikola
Snake:2:  layout_onion_interference, basic_altar, nicolae_snake_double_loop,
          uniq_azrael
Snake:3:  layout_onion_interference, serial_shops, statue_bzr,
          serial_bayou_pond_e, nicolae_snake_bzzzt
Orc:1:    layout_diamond_mine, serial_shops, shop, uniq_nergalle
Orc:2:    grunt_orc_cross, layout_caves, serial_shops, nicolae_shop_waterfront,
          hellmonk_bongcloud_opening

Skill      XL: |  1  2  3  4  5  6  7  8  9 10 11 12 13 14 15 16 17 |
---------------+----------------------------------------------------+-----
Axes           | 3 4 5 6 8 9 10 14 16 19 20 22 | 22.0
Fighting       | 6 10 13 15 19 20 | 20.0
Armour         | 8 10 13 15 | 15.0
Evocations     | 5 10 11 13 | 13.1
Dodging        | 5 |  5.0
Shields        | |  3.2

Action                   |  1- 3 |  4- 6 |  7- 9 | 10-12 | 13-15 | 16-18 || total
-------------------------+-------+-------+-------+-------+-------+-------++-------
Melee: War axe           |    88 |   143 |   291 |   600 |   303 |       ||  1425
       Punch             |       |     1 |     4 |     6 |     9 |       ||    20
       Morningstar       |       |       |       |    33 |    29 |       ||    62
       Battleaxe         |       |       |       |       |   732 |   519 ||  1251
       Broad axe         |       |       |       |       |       |     3 ||     3
Invok: Berserk           |       |       |     5 |    13 |     9 |     2 ||    29
       Trog's Hand       |       |       |       |       |     4 |     2 ||     6
       Brothers in Arms  |       |       |       |       |     1 |       ||     1
Evoke: Wand              |       |       |       |     6 |    13 |     1 ||    20
       Condenser vane    |       |       |       |       |       |     1 ||     1
  Use: Scroll            |       |       |     5 |     6 |    17 |     1 ||    29
       Potion            |       |       |       |     2 |     2 |       ||     4
 Stab: Paralysed         |       |       |       |    15 |     5 |       ||    20
       Petrified         |       |       |       |       |    12 |       ||    12
Armor: Scale mail        |    59 |    78 |       |   253 |   272 |       ||   662
       Chain mail        |       |    23 |   184 |       |       |       ||   207
       Plate armour      |       |       |    27 |   147 |   372 |    29 ||   575
       Skin              |       |       |       |    14 |       |       ||    14
       Ice dragon scales |       |       |       |       |   103 |       ||   103
       Swamp dragon scal |       |       |       |       |       |   201 ||   201
Dodge: Dodged            |    62 |    82 |   117 |   213 |   455 |   322 ||  1251
